 Dungeon Crawl Stone Soup version 0.25.1-2-g60ff931df9 (webtiles) character file.

Game seed: 12657333316532204402

354 DildoBatman the Conjurer (level 6, -3/41 HPs)
             Began as a Formicid Wizard on Oct 20, 2020.
             Slain by a gnoll
             ... wielding a +0 halberd
              (17 damage)
             ... on level 4 of the Dungeon.
             The game lasted 00:13:51 (3764 turns).

DildoBatman the Conjurer (Formicid Wizard)          Turns: 3764, Time: 00:13:52

Health: -3/41      AC:  3    Str: 11    XL:     6   Next: 94%
Magic:  4/10       EV: 12    Int: 20    God:
Gold:   161        SH:  0    Dex:  9    Spells: 4/11 levels left

rFire    . . .     SeeInvis +   b - +2 dagger (venom)
rCold    . . .     Gourm    .   (no shield)
rNeg     . . .     Faith    .   h - +0 robe
rPois    .         Spirit   .   (helmet unavailable)
rElec    .         Reflect  .   (no cloak)
rCorr    .         Harm     .   (no gloves)
MR       .....                  k - +0 pair of boots
Stlth    ++........             (no amulet)
HPRegen  0.13/turn              (no ring)
MPRegen  0.12/turn              (no ring)

@: very slightly contaminated
A: permanent stasis, dig shafts and tunnels, four strong arms, antennae 3
a: Dig, Shaft Self


You were on level 4 of the Dungeon.
You were not hungry.

You visited 1 branch of the dungeon, and saw 6 of its levels.

You collected 161 gold pieces.

Inventory:

Hand Weapons
 a - a +0 hunting sling
 b - a +2 dagger of venom (weapon)
 d - a +4 dagger
Missiles
 e - 38 sling bullets
 f - 19 bolts
 m - 138 stones
 u - 16 arrows
 y - 22 poisoned darts (quivered)
Armour
 h - a +0 robe (worn)
 k - a +0 pair of boots (worn)
Wands
 c - a wand of clouds (6)
 o - a wand of iceblast (8)
Scrolls
 g - a scroll of remove curse
 j - 2 scrolls of fog
 t - a scroll of amnesia
 z - 11 scrolls of identify
Potions
 i - a potion of experience {unknown}
 p - 2 potions of curing {unknown}
 q - a potion of heal wounds {unknown}
 r - 2 potions of degeneration {unknown}
 s - 2 potions of ambrosia {unknown}
 x - 6 potions of mutation {unknown}
Comestibles
 l - 3 chunks of flesh
 v - 9 rations


   Skills:
 - Level 1.7 Dodging
 - Level 2.4 Stealth
 - Level 3.2 Spellcasting
 * Level 5.0 Conjurations
   Level 1.0 Summonings
   Level 0.8 Translocations
 * Level 1.5 Fire Magic
 * Level 1.3 Air Magic
 * Level 2.3 Poison Magic


You had 4 spell levels left.
You knew the following spells:

 Your Spells              Type           Power        Failure   Level  Hunger
a - Conjure Flame         Conj/Fire      ###.....     11%         3    ###....
c - Magic Dart            Conj           ###.         1%          1    None
e - Mephitic Cloud        Conj/Pois/Air  ##......     13%         3    ###....

Your spell library contained the following spells:

 Spells                   Type           Power        Failure   Level  Hunger
 Call Imp                 Summ           #.......     14%         2    ##.....
 Slow                     Hex            #.......     22%         2    ##.....
 Blink                    Tloc           Unusable     N/A         2    N/A

Dungeon Overview and Level Annotations

Branches:
Dungeon (6/15)
 Temple: D:4-7

Altars:
Elyvilon
Fedhas
Gozag
Hepliaklqana
Nemelex Xobeh
Okawaru
Ru
Uskayaw
Wu Jian

Annotations:
D:2 Grinder
D:3 1 exclusion
D:4 Edmund, Sigmund


Innate Abilities, Weirdness & Mutations

You cannot be hasted, slowed, berserked, paralysed or teleported.
You can dig through walls and to a lower floor.
Your four strong arms can wield two-handed weapons with a shield.
You have a pair of large antennae on your head. (SInv)


Message History

Casting: Mephitic Cloud (dangerous; 13% risk of failure)
Confirm with . or Enter, or press ? or * to list all spells.
You don't have enough magic to cast that spell.
The gnoll hits you with a +0 whip.
The orc priest hits you but does no damage.
The gnoll closely misses you.
The gnoll hits you from afar with a +0 halberd!
The gnoll shaman hits you with a +0 whip.
The gnoll hits you from afar with a +0 halberd!
The gnoll misses you.
The orc priest zaps a wand.
Some rock shatters into small pieces.
The orc priest zaps a wand.
Some rock shatters into small pieces.
The gnoll hits you with a +0 whip. The gnoll closely misses you.
The gnoll shaman calls upon its god to speed up the gnoll.
The gnoll seems to speed up.
The gnoll hits you from afar with a +0 halberd!
You die...

,,,,,,,,...#.# #.##.## #.# *,
,,,,{,,,*..#.* #.###.## #.# *,
,,,,>,,,*....#* #.# ##.## #.# *,
,,,,,,{,###...# #.# ##.## #.# *,
,,,,,..,*.....###.# ##.###.# *,
*#{*,...........#.# #.....# *,
##.####.#.##..#.#.######.#######,
....<.........#.....รท..........#,
..........###...@.######.##.##.#,
............#.g...##........##.#,
............#.g.......###....#.#,
........##.........8..._...8...#.
.........'.............).........
......##.#gg..#....8.......8.#.##
...........####................#
......####o## #....8.......8...#
......* #..# #..............#.#


You could see a gnoll shaman, an orc priest and 3 gnolls.

Vanquished Creatures
  A centaur (D:2)
  2 howler monkeys
  2 worker ants
  4 adders
  4 gnolls (D:3)
  An adder skeleton (D:5)
  2 dart slugs
  4 leopard geckos
  8 orcs
  5 ball pythons
  3 giant cockroaches
  8 goblins
  7 hobgoblins
  2 jackals (D:4)
  8 kobolds
  3 quokkas
  7 bats
  5 frilled lizards
  A leopard gecko skeleton (D:4)
  7 rats
84 creatures vanquished.

Notes
Turn   | Place    | Note
-------+----------+-------------------------------------------
     0 | D:1      | DildoBatman the Formicid Wizard began the quest for the
                  | Orb.
     0 | D:1      | Reached XP level 1. HP: 13/13 MP: 4/4
    79 | D:1      | Reached skill level 1 in Conjurations
   324 | D:1      | Reached XP level 2. HP: 13/19 MP: 0/6
   397 | D:1      | Reached skill level 2 in Conjurations
   627 | D:1      | Reached XP level 3. HP: 19/24 MP: 7/7
   632 | D:1      | Learned a level 3 spell: Conjure Flame
   636 | D:1      | Learned a level 3 spell: Mephitic Cloud
  1107 | D:2      | Found a faded altar of an unknown god.
  1190 | D:2      | Noticed a centaur
  1212 | D:2      | Reached skill level 3 in Conjurations
  1379 | D:2      | Reached XP level 4. HP: 30/30 MP: 4/8
  1587 | D:2      | Found a white marble altar of Elyvilon.
  1644 | D:2      | Found a sparkling altar of Nemelex Xobeh.
  1745 | D:2      | Killed a centaur
  1745 | D:2      | Reached skill level 4 in Conjurations
  1745 | D:2      | Reached XP level 5. HP: 24/35 MP: 5/9
  2209 | D:3      | Reached XP level 6. HP: 27/41 MP: 5/10
  2220 | D:3      | Reached skill level 1 in Poison Magic
  2604 | D:3      | Reached skill level 1 in Fire Magic
  2735 | D:4      | Noticed Sigmund
  2735 | D:4      | Noticed Edmund
  2748 | D:4      | Found a blossoming altar of Fedhas.
  2766 | D:4      | Found a hazy altar of Hepliaklqana.
  2767 | D:4      | Found an opulent altar of Gozag.
  2767 | D:4      | Found an iron altar of Okawaru.
  2768 | D:4      | Found a sacrificial altar of Ru.
  2981 | D:4      | Noticed Grinder
  3004 | D:4      | Reached skill level 1 in Air Magic
  3151 | D:4      | Found a hide-covered altar of Uskayaw.
  3182 | D:5      | Entered Level 5 of the Dungeon
  3323 | D:5      | Found an ornate altar of the Wu Jian Council.
  3469 | D:5      | Reached skill level 5 in Conjurations
  3764 | D:4      | Slain by a gnoll

Illustrated notes

Levels and vault maps discovered:
D:1:      tarquinn_simple_flora_water_b, layout_loops_ring
D:2:      kennysheep_the_goblin_king, layout_basic, lemuel_doored_altar,
          nicolae_overflow_crystal_walls, first_ration,
          chequers_ecumenical_altar_lobes, kennysheep_generic_room_10
D:3:      layout_loops_cross, serial_glass, glass_columns_a, glass_columns_a,
          glass_columns_a, glass_columns_c
D:4:      layout_basic, nicolae_overflow_hidden_temple,
          eat_drink_and_be_merry_uskayaw, uniq_sigmund, uniq_edmund,
          uniq_grinder
D:5:      layout_cave_pools, basic_altar
D:6:      layout_layer_cave, zin_academy, led_sif_pool

Skill      XL: |  1  2  3  4  5  6 |
---------------+-------------------+-----
Conjurations   | 1 2 3 4 5 |  5.0
Poison Magic   | 2 |  2.3
Fire Magic     | 1 |  1.5
Air Magic      | 1 |  1.3
Dodging        | |  1.7
Stealth        | |  2.4
Spellcasting   | |  3.2
Summonings     | |  1.0
Translocations | |  0.8

Action                   |  1- 3 |  4- 6 || total
-------------------------+-------+-------++-------
Melee: Club              |     2 |       ||     2
       Dagger            |    24 |    33 ||    57
 Fire: Hunting sling     |       |     6 ||     6
Throw: Stone             |     1 |       ||     1
 Cast: Magic Dart        |    60 |    81 ||   141
       Mephitic Cloud    |     1 |     7 ||     8
       Conjure Flame     |       |     1 ||     1
 Abil: Dig               |     5 |     6 ||    11
  Use: Scroll            |       |     9 ||     9
 Stab: Sleeping          |     2 |     1 ||     3
       Confused          |       |     2 ||     2
  Eat: Chunk             |     2 |     9 ||    11
Armor: Robe              |     5 |     8 ||    13
Dodge: Dodged            |    20 |    30 ||    50
